 Dungeon Crawl Stone Soup version 0.20-a0-939-g04f5055 (webtiles) character file.

654 NoxCultor the Skirmisher (level 7, -4/55 HPs)
             Began as a Purple Draconian Berserker on Mar 30, 2017.
             Was a Priest of Trog.
             Slain by Pikel
             ... wielding a +2 whip of electrocution
              (8 damage)
             ... on level 5 of the Dungeon.
             The game lasted 00:54:00 (4456 turns).

NoxCultor the Skirmisher (DrBe)                     Turns: 4456, Time: 00:54:03

Health: -4/55      AC:  7    Str: 19 (20) XL:     7   Next: 29%
Magic:  7/7        EV: 14    Int:  6 (8)  God:    Trog [***...]
Gold:   198        SH:  0    Dex: 10 (11) Spells: 6/6 levels left

rFire    . . .     SeeInvis .   B - +0 halberd
rCold    . . .     Gourm    .   (shield currently unavailable)
rNeg     . . .     Faith    .   (armour unavailable)
rPois    .         Spirit   .   j - +1 hat
rElec    .         Reflect  .   (no cloak)
rCorr    .         Harm     .   (no gloves)
MR       +++..                  (no boots)
Stlth    ++........             b - amulet of regeneration
Regen    1.6/turn               c - ring of wizardry
MPRegen  0.1/turn               (no ring)

@: exhausted, regenerating, slowed, very slow
A: breathe power, unfitting armour, hooves 1, horns 1, frail 1, cold-blooded, AC
+6
a: Breathe Dispelling Energy, Berserk, Trog's Hand, Burn Spellbooks, Renounce
Religion


You were on level 5 of the Dungeon.
You worshipped Trog.
Trog was most pleased with you.
You were very hungry.

You visited 1 branch of the dungeon, and saw 5 of its levels.

You collected 198 gold pieces.

Inventory:

Hand Weapons
 a - a +2 dagger of holy wrath
 d - a +1 dagger of venom
 e - a +0 hand axe
 i - a +0 falchion of holy wrath
 k - a +0 dagger of electrocution
 l - a +1 dagger of venom
 o - a +0 quarterstaff
 p - a +0 shortbow
 q - a +0 spear
 A - a +0 spear
 B - a +0 halberd (weapon)
 G - a +0 halberd
Missiles
 f - 4 tomahawks (quivered)
 r - 9 poisoned needles
 v - 47 arrows
Armour
 h - a +0 pair of boots
 j - a +1 hat (worn)
 t - a +0 chain mail
 y - a +0 buckler
 z - a +0 pair of boots
Jewellery
 b - an amulet of regeneration (around neck)
 c - a ring of wizardry (left hand)
 n - an uncursed amulet of rage
Wands
 g - a wand of iceblast (6/15)
 m - a wand of flame (27/48)
Scrolls
 s - 2 scrolls of enchant armour {unknown}
 u - a scroll of recharging
 w - 3 scrolls of amnesia
 x - 2 scrolls of identify {unknown}
 F - a scroll of fear {unknown}
Potions
 C - a potion of ambrosia {unknown}
 D - a potion of flight
 E - a potion of agility


   Skills:
 * Level 5.7 Fighting
 - Level 0.2 Short Blades
 * Level 4.8 Polearms
 * Level 5.0 Dodging
 + Level 2.4 Stealth


You had 6 spell levels left.
You didn't know any spells.

Dungeon Overview and Level Annotations

Branches:
Dungeon (5/15)
 Temple: D:4-7

Altars:
Dithmenos
Okawaru
Trog
Xom
The Shining One

Annotations:
D:5 Pikel


Innate Abilities, Weirdness & Mutations

You can breathe bolts of dispelling energy.
Your rich purple scales are hard. (AC +6)
You cannot fit into any form of body armour.
You are cold-blooded and may be slowed by cold attacks.
You have large cloven feet.
You have a pair of small horns on your head.
You are frail. (-10% HP)


Message History

an animal skin x3; a human corpse Your skin crawls.
You feel resistant to hostile enchantments.
You feel somewhat more hungry. Pikel completely misses you.
Pikel says, "Who am I kidding?
They'll work you to death!"
Pikel hits you with a whip of electrocution!
* * * LOW HITPOINT WARNING * * *
You are electrocuted!
* * * LOW HITPOINT WARNING * * *
You're too exhausted to go berserk.
You are too injured to fight recklessly!
You are too injured to fight recklessly!
You are too injured to fight recklessly!
You closely miss Pikel. You kick Pikel, but do no damage. You headbutt Pikel.
Pikel is lightly wounded.
Pikel barely misses you.
Pikel hits you with a whip of electrocution.
* * * LOW HITPOINT WARNING * * *
You are electrocuted!
You die...

### ##.. #... ##..# .
#..# #.. #.#..#### #@#
.... ........# ###K#
..... ........#
#.sg###...... ......(.#
#..gp........ #.......#
##....#p...... #.......#
#...#.....#... #.......##
#...#..#..# .
#........####..#...##...
..######...†.............


You could see Pikel, a slave, a scorpion and 2 gnolls.

Vanquished Creatures
  The ghost of Guenter the Sneak, an amateur VSWn (D:4)
  Purgy (D:3)
  3 slaves (D:5)
  A centaur (D:3)
  2 bullfrog zombies (D:5)
  3 orc wizards
  Terence (D:3)
  6 adders
  2 gnolls
  5 worms
  5 dart slugs
  2 leopard geckos
  20 orcs
  7 giant cockroaches
  8 goblins
  12 hobgoblins
  2 jackals (D:2)
  2 kobolds
  2 quokkas
  2 ball pythons (D:1)
  7 bats
  8 frilled lizards
  A leopard gecko zombie (D:5)
  7 rats
  A butterfly (D:2)
111 creatures vanquished.

Notes
Turn   | Place    | Note
-------+----------+-------------------------------------------
     0 | D:1      | NoxCultor the Draconian Berserker began the quest for the Orb.
     0 | D:1      | Reached XP level 1. HP: 19/19 MP: 1/1
   329 | D:1      | Reached XP level 2. HP: 7/26 MP: 2/2
   450 | D:1      | Reached XP level 3. HP: 7/31 MP: 3/3
  1001 | D:1      | Gained mutation: Your spells are a little harder to cast, but a little more powerful. [potion of mutation]
  1001 | D:1      | Gained mutation: Your muscles are strong. (Str +2) [potion of mutation]
  1631 | D:2      | Reached ** piety under Trog
  1824 | D:2      | Found a shimmering altar of Xom.
  1962 | D:2      | Reached XP level 4. HP: 40/40 MP: 4/4
  2115 | D:3      | Found a shadowy altar of Dithmenos.
  2118 | D:3      | Noticed a centaur
  2132 | D:3      | Killed a centaur
  2132 | D:3      | Reached XP level 5. HP: 27/47 MP: 5/5
  2409 | D:3      | Reached skill level 1 in Stealth
  2690 | D:3      | Noticed Purgy
  2703 | D:3      | Killed Purgy
  2703 | D:3      | Reached skill level 5 in Fighting
  2703 | D:3      | Reached XP level 6. HP: 56/56 MP: 6/6
  2754 | D:3      | Noticed Terence
  2781 | D:3      | Killed Terence
  2891 | D:3      | Found a bloodstained altar of Trog.
  2952 | D:3      | Reached *** piety under Trog
  3018 | D:3      | Lost mutation: Your muscles are strong. (Str +2) [potion of mutation]
  3018 | D:3      | Lost mutation: Your spells are a little harder to cast, but a little more powerful. [potion of mutation]
  3018 | D:3      | Gained mutation: You are frail. (-10% HP) [potion of mutation]
  3018 | D:3      | Gained mutation: You have large cloven feet. [potion of mutation]
  3018 | D:3      | Gained mutation: You have a pair of small horns on your head. [potion of mutation]
  3432 | D:4      | Noticed Guenter's ghost (amateur VSWn)
  3442 | D:4      | Killed Guenter's ghost
  3484 | D:4      | Found a glowing golden altar of the Shining One.
  3805 | D:4      | Your scales start taking on a rich purple colour.
  3805 | D:4      | Reached XP level 7. HP: 45/54 MP: 7/7
  3983 | D:4      | Found an iron altar of Okawaru.
  4339 | D:5      | Entered Level 5 of the Dungeon
  4423 | D:5      | Noticed Pikel
  4432 | D:5      | Reached skill level 5 in Dodging
  4456 | D:5      | Slain by Pikel

Vault maps used:
D:1:      eino_arrival_cavern_c
D:2:      xom_butterflies
D:3:      nicolae_dithmenos_shadow_blocks, lemuel_crystal_altar, uniq_purgy,
          uniq_terence
D:4:      old_standard_altar, lemuel_round_altar
D:5:      first_bread, uniq_pikel

Skill      XL: |  1  2  3  4  5  6  7 |
---------------+----------------------+-----
Dodging        | 3 4 5 |  5.0
Fighting       | 4 5 |  5.7
Polearms       | 4 |  4.8
Stealth        | 1 2 |  2.4
Short Blades   | |  0.2

Action                   |  1- 3 |  4- 6 |  7- 9 || total
-------------------------+-------+-------+-------++-------
Melee: Dagger            |    45 |       |       ||    45
       Spear             |    94 |   227 |       ||   321
       Tailslap          |    22 |    33 |     4 ||    59
       Hand axe          |       |    28 |       ||    28
       Kick              |       |    18 |    20 ||    38
       Headbutt          |       |    12 |     7 ||    19
       Halberd           |       |    11 |    51 ||    62
Throw: Throwing net      |     2 |       |       ||     2
       Tomahawk          |       |     3 |       ||     3
Invok: Berserk           |       |     5 |     2 ||     7
       Trog's Hand       |       |       |     1 ||     1
  Use: Potion            |     4 |     3 |       ||     7
       Scroll            |     3 |       |       ||     3
 Stab: Sleeping          |     2 |     4 |       ||     6
  Eat: Bread ration      |     1 |     1 |       ||     2
       Fruit             |     3 |       |       ||     3
       Chunk             |       |     3 |     1 ||     4
       Royal jelly       |       |     1 |       ||     1
Armor: Skin              |    28 |    66 |    11 ||   105
Dodge: Dodged            |    47 |   138 |    69 ||   254
